[Event "Titled Tuesday Blitz August 02 Late 2022"]
[White "Rytenko, Vsevolod"]
[Black "Riehle, Marco"]
[WhiteFideId "14133040"]
[BlackFideId "12904392"]
[WhiteElo "2120"]
[BlackElo "2462"]
[Result "0-1"]
[Round "03"]
[TimeControl "180+1"]
[Date "2022.08.02"]
[WhiteClock "0:00:06"]
[BlackClock "0:00:13"]

1. e4 e5 2. Nf3 Nf6 3. Nc3 Nc6 4. a3 Bc5 5. Nxe5 O-O 6. Nd3 Bd4 7. Be2 Bxc3 8. dxc3 Nxe4 9. O-O d5 10. Bf3 Bf5 11. Nf4 Ne7 12. Re1 c6 13. c4 Ng5 14. cxd5 Nxf3+ 15. Qxf3 Nxd5 16. Nxd5 Qxd5 17. Qxd5 cxd5 18. c3 Be6 19. Be3 a6 20. Bd4 Rac8 21. Re3 g6 22. Rae1 Rc6 23. h4 h5 24. f3 Rfc8 25. Kf2 Kf8 26. Re5 b5 27. Kg3 a5 28. Kf4 b4 29. axb4 axb4 30. Kg5 bxc3 31. bxc3 Ra8 32. g4 hxg4 33. fxg4 Ra2 34. h5 Rg2 35. Rg1 Rxg1 36. Bxg1 gxh5 37. gxh5 Rxc3 38. Bd4 Rg3+ 39. Kh6 Rg4 40. Bc5+ Ke8 41. Rg5 Rc4 42. Kg7 Rxc5 43. h6 Ke7 44. h7 Rc8 45. Rg1 d4 46. Rd1 Bf5 47. Rxd4 Bxh7 48. Kxh7 Rc1 49. Kh6 Rg1 50. Kh5 f5 51. Rd5 Ke6 52. Ra5 f4 53. Kh4 f3 54. Ra2 Kf5 55. Kh3 Kf4 56. Kh2 Re1 57. Ra4+ Ke3 58. Ra3+ Kf2 59. Ra2+ Re2 60. Ra1 Rd2 61. Rb1 Ra2 62. Rc1 Re2 63. Ra1 Re1 64. Ra2+ Ke3 65. Kg3 Rg1+ 66. Kh2 Rg7 67. Ra3+ Kf4 68. Ra4+ Kf5 69. Ra5+ Kg4 70. Ra4+ Kh5 71. Ra5+ Kh4 72. Ra4+ Rg4 73. Rxg4+ Kxg4 74. Kh1 Kh3 75. Kg1 Kg3 76. Kf1 f2 0-1


[Site "https://www.chess.com"]

[Event "Titled Tuesday Blitz August 02 Late 2022"]
[White "Saydaliev, Saidakbar"]
[Black "Large, Peter G"]
[WhiteFideId "14203693"]
[BlackFideId "400866"]
[WhiteElo "2265"]
[BlackElo "2064"]
[Result "1-0"]
[Round "03"]
[TimeControl "180+1"]
[Date "2022.08.02"]
[WhiteClock "0:00:49"]
[BlackClock "0:00:11"]

1. e4 e5 2. Nf3 Nc6 3. Bc4 g6 4. d4 exd4 5. Bg5 Be7 6. Bxe7 Qxe7 7. O-O Nf6 8. Re1 Qc5 9. e5 Ng4 10. Bxf7+ Kxf7 11. Ng5+ Kg7 12. Qxg4 d5 13. e6 Qxc2 14. Na3 Qf5 15. Qg3 Ne7 16. Nb5 c6 17. Nxd4 Qf6 18. Ndf3 Rf8 19. h4 h6 20. Nh3 Nf5 21. Qc7+ Qe7 22. Qe5+ Qf6 23. Qe2 Re8 24. Nf4 Nxh4 25. g3 Nxf3+ 26. Qxf3 Bxe6 27. Qb3 Re7 28. Nxe6+ Rxe6 29. Qxb7+ Qf7 30. Qxa8 Rf6 31. Qd8 Rxf2 32. Re7 Rf1+ 33. Rxf1 1-0


[Site "https://www.chess.com"]

[Event "Titled Tuesday Blitz August 02 Late 2022"]
[White "Silvestre, Christian"]
[Black "Harshavardhan G B"]
[WhiteFideId "30956269"]
[BlackFideId "25059009"]
[WhiteElo "2276"]
[BlackElo "1831"]
[Result "0-1"]
[Round "03"]
[TimeControl "180+1"]
[Date "2022.08.02"]
[WhiteClock "0:00:10"]
[BlackClock "0:00:22"]

1. Nf3 Nf6 2. d4 g6 3. c3 Bg7 4. Bf4 O-O 5. Nbd2 d6 6. h3 c5 7. Bh2 Nc6 8. e3 cxd4 9. cxd4 Re8 10. Bb5 a6 11. Ba4 b5 12. Bb3 Na5 13. Bc2 Bb7 14. O-O Rc8 15. Rc1 Qb6 16. Bd3 d5 17. Be5 Nc4 18. b3 Nxe5 19. Nxe5 Qd6 20. Rc2 Ne4 21. Nef3 Nc3 22. Qa1 b4 23. Rfc1 a5 24. Nb1 Ne4 25. Nbd2 f5 26. Qb2 Ba6 27. Bxa6 Qxa6 28. Nxe4 fxe4 29. Nd2 Bf6 30. Rc5 Rxc5 31. Rxc5 Rc8 32. Qc2 Rd8 33. Nf1 h5 34. Ng3 h4 35. Ne2 g5 36. Rc6 Qb5 37. Rc5 Qa6 38. Rc6 Qd3 39. Nc1 Qxc2 40. Rxc2 Ra8 41. Rc6 Kf7 42. Kf1 e6 43. Ke2 a4 44. Kd1 axb3 45. axb3 Be7 46. Kc2 g4 47. hxg4 Rg8 48. Ne2 Rxg4 49. Nf4 Bg5 50. Nxe6 Rxg2 51. Nxg5+ Rxg5 52. Rh6 Rg2 53. Rxh4 Rxf2+ 54. Kc1 Re2 55. Rh3 Ke6 56. Rg3 Kf5 57. Kb1 Rf2 58. Rh3 Rf3 59. Rh5+ Ke6 60. Rh6+ Rf6 61. Rxf6+ Kxf6 62. Kc2 Kg5 63. Kd2 Kg4 64. Ke2 Kg3 65. Ke1 Kf3 0-1


[Site "https://www.chess.com"]

[Event "Titled Tuesday Blitz August 02 Late 2022"]
[White "Sjugirov, Sanan"]
[Black "Krastev, Alexander"]
[WhiteFideId "4189302"]
[BlackFideId "12989983"]
[WhiteElo "2609"]
[BlackElo "2609"]
[Result "1-0"]
[Round "03"]
[TimeControl "180+1"]
[Date "2022.08.02"]
[WhiteClock "0:01:59"]
[BlackClock "0:00:17"]

1. e4 c5 2. Nf3 Nc6 3. Bb5 g6 4. Bxc6 bxc6 5. O-O Bg7 6. Re1 Nf6 7. e5 Nd5 8. c4 Nc7 9. Nc3 Ne6 10. d4 cxd4 11. Nxd4 O-O 12. Nxe6 fxe6 13. c5 Rb8 14. Qd4 Qa5 15. a3 Rb3 16. Qc4 Rb8 17. b4 Qc7 18. f4 d6 19. exd6 exd6 20. cxd6 Qxd6 21. Be3 Ba6 22. Qxa6 Bxc3 23. Rad1 Qc7 24. Rf1 e5 25. Qc4+ 1-0


[Site "https://www.chess.com"]

[Event "Titled Tuesday Blitz August 02 Late 2022"]
[White "Steinberg, Nitzan"]
[Black "Gascon Del Nogal, Jose Rafael"]
[WhiteFideId "2801795"]
[BlackFideId "3902463"]
[WhiteElo "2471"]
[BlackElo "2473"]
[Result "0-1"]
[Round "03"]
[TimeControl "180+1"]
[Date "2022.08.02"]
[WhiteClock "0:00:41"]
[BlackClock "0:00:40"]

1. d4 d5 2. c4 e6 3. Nf3 Nf6 4. Nc3 Be7 5. cxd5 exd5 6. Bg5 c6 7. e3 Bf5 8. Bd3 Bxd3 9. Qxd3 O-O 10. O-O Nbd7 11. Rab1 a5 12. a3 Re8 13. b4 axb4 14. axb4 b5 15. Nd2 Nb6 16. Ne2 Nc4 17. Nxc4 dxc4 18. Qc2 Nd5 19. Bxe7 Qxe7 20. Qd2 Ra3 21. Ng3 g6 22. e4 Rd3 23. Qh6 Nc3 24. Rbe1 Rxd4 25. f4 Qf8 26. Qxf8+ Kxf8 27. e5 Nd5 28. f5 c3 29. e6 fxe6 30. fxg6+ Kg7 31. gxh7 Kxh7 32. Ne4 c2 33. Re2 Rf8 34. Rc1 Rd1+ 35. Re1 Rxe1+ 36. Rxe1 Nxb4 37. Rc1 Rd8 38. Nc3 Rd3 39. Ne2 Rd2 40. Kf1 Nd3 0-1


[Site "https://www.chess.com"]

[Event "Titled Tuesday Blitz August 02 Late 2022"]
[White "Svane, Frederik"]
[Black "Marczuk, Dominik"]
[WhiteFideId "12923044"]
[BlackFideId "1111264"]
[WhiteElo "2459"]
[BlackElo "1901"]
[Result "1-0"]
[Round "03"]
[TimeControl "180+1"]
[Date "2022.08.02"]
[WhiteClock "0:02:05"]
[BlackClock "0:00:04"]

1. c4 f5 2. Nc3 Nf6 3. g3 g6 4. Bg2 Bg7 5. Nf3 O-O 6. O-O d6 7. d4 Qe8 8. d5 a5 9. b3 Na6 10. Bb2 h6 11. Nd4 Nc5 12. Ncb5 Na6 13. Re1 Ne4 14. Qc2 c6 15. dxc6 bxc6 16. Na3 Nb4 17. Qc1 c5 18. Ndc2 Bxb2 19. Qxb2 Bb7 20. Nb5 Qf7 21. a3 Nxc2 22. Qxc2 Rab8 23. e3 Bc6 24. Nc3 Ba8 25. Rab1 Nxc3 26. Qxc3 Bxg2 27. Kxg2 Ra8 28. h4 Qg7 29. Qd2 Rfb8 30. e4 fxe4 31. Rxe4 a4 32. b4 cxb4 33. Rxb4 Rxb4 34. Qd5+ Kh7 35. Qxa8 Rb2 36. Qxa4 g5 37. Qd7 Rxf2+ 38. Kxf2 Qb2+ 39. Re2 Qf6+ 40. Kg2 1-0


[Site "https://www.chess.com"]

[Event "Titled Tuesday Blitz August 02 Late 2022"]
[White "Szalay, Karoly"]
[Black "Djordjevic, Vuk"]
[WhiteFideId "2600544"]
[BlackFideId "902098"]
[WhiteElo "2553"]
[BlackElo "2456"]
[Result "0-1"]
[Round "03"]
[TimeControl "180+1"]
[Date "2022.08.02"]
[WhiteClock "0:00:06"]
[BlackClock "0:00:03"]

1. e4 d5 2. exd5 Qxd5 3. Nc3 Qd6 4. Bc4 Nf6 5. d4 c6 6. Be3 Nbd7 7. Nf3 Nb6 8. Bb3 Bg4 9. h3 Bxf3 10. Qxf3 e6 11. O-O-O Nbd5 12. Bg5 Nxc3 13. Qxc3 Be7 14. Qf3 a5 15. c3 a4 16. Bc2 a3 17. b3 Nd5 18. Bxe7 Qxe7 19. Be4 Nf6 20. Bxc6+ Kf8 21. Bxb7 Rb8 22. Be4 g6 23. d5 exd5 24. Bxd5 Kg7 25. Rhe1 Qc7 26. Bc4 Rhe8 27. g4 h6 28. h4 Rbd8 29. g5 Rxd1+ 30. Rxd1 hxg5 31. hxg5 Ne4 32. Qe3 Qe5 33. Rd7 Nxg5 34. Qxe5+ Rxe5 35. Ra7 Rf5 36. Rxa3 Rxf2 37. Ra7 Ne4 38. a4 g5 39. Re7 Nxc3 40. a5 g4 41. Re3 Na2+ 42. Kd1 Nb4 43. Ke1 Ra2 44. Re7 Rxa5 45. Rxf7+ Kg6 46. Rb7 Nc2+ 47. Kf2 Kg5 48. Rd7 Rf5+ 49. Kg2 Ne3+ 50. Kg3 Rf3+ 51. Kh2 g3+ 52. Kh3 g2+ 53. Kh2 Rf2 54. Rg7+ Kh4 55. Ba6 Ng4+ 56. Kg1 Ra2 57. Bc8 Ne3 58. Rh7+ Kg5 59. Rg7+ Kf6 60. Rg3 Ra1+ 61. Kh2 Rh1# 0-1


[Site "https://www.chess.com"]

[Event "Titled Tuesday Blitz August 02 Late 2022"]
[White "Tanenbaum, Zachary"]
[Black "Martinez Alcantara, Jose Eduardo"]
[WhiteFideId "2060850"]
[BlackFideId "3805662"]
[WhiteElo "2175"]
[BlackElo "2703"]
[Result "0-1"]
[Round "03"]
[TimeControl "180+1"]
[Date "2022.08.02"]
[WhiteClock "0:00:08"]
[BlackClock "0:00:08"]

1. e4 Nc6 2. Nf3 d6 3. d4 Nf6 4. Nc3 g6 5. Bb5 Bd7 6. d5 Nb8 7. Bc4 Bg7 8. Bf4 Bg4 9. h3 Bxf3 10. Qxf3 Nbd7 11. O-O-O a6 12. g4 b5 13. Bb3 Qb8 14. Ne2 a5 15. a3 a4 16. Ba2 b4 17. Nd4 bxa3 18. bxa3 O-O 19. Nc6 Qb5 20. Qd3 Qb7 21. Be3 Nxe4 22. Qxe4 Qb2+ 23. Kd2 Qxa2 24. Bd4 Nc5 25. Bxc5 dxc5 26. h4 e6 27. Ne7+ Kh8 28. h5 g5 29. dxe6 Qxe6 30. Qxe6 fxe6 31. Ke2 Bd4 32. f3 Rae8 33. Nc6 e5 34. c3 Re6 35. Nxd4 exd4+ 36. Kd2 Rxf3 37. cxd4 cxd4 38. Rb1 Kg7 39. h6+ Rxh6 40. Rxh6 Kxh6 41. Rb7 Rc3 42. Ra7 Rxa3 43. Rxc7 Rg3 44. Rc6+ Kg7 45. Rc7+ Kg6 46. Rc6+ Kf7 47. Rc7+ Kf6 48. Rxh7 Rxg4 49. Ra7 Ke5 50. Rxa4 Ke4 51. Ra8 Rg2+ 52. Kd1 g4 53. Ra3 g3 54. Ke1 Rg1+ 55. Ke2 d3+ 56. Rxd3 Rg2+ 57. Kf1 Rf2+ 58. Kg1 Kxd3 59. Kh1 Ke3 60. Kg1 Kf3 61. Kh1 Ra2 62. Kg1 Ra1# 0-1


[Site "https://www.chess.com"]

[Event "Titled Tuesday Blitz August 02 Late 2022"]
[White "Wachinger, Nikolas"]
[Black "Yoo, Christopher Woojin"]
[WhiteFideId "12962791"]
[BlackFideId "30909694"]
[WhiteElo "2253"]
[BlackElo "2105"]
[Result "1/2-1/2"]
[Round "03"]
[TimeControl "180+1"]
[Date "2022.08.02"]
[WhiteClock "0:00:10"]
[BlackClock "0:00:08"]

1. d4 Nf6 2. Nf3 d5 3. Bf4 c5 4. e3 Nc6 5. Nbd2 cxd4 6. exd4 Bg4 7. c3 e6 8. Qb3 Qc8 9. h3 Bh5 10. Bd3 Be7 11. O-O O-O 12. Rfe1 Bg6 13. Bxg6 hxg6 14. g3 Nh5 15. Be3 Bd6 16. Kg2 Qd7 17. h4 Rfe8 18. Ng5 Nf6 19. Ndf3 Na5 20. Qd1 Nc4 21. Bc1 Rac8 22. Ne5 Bxe5 23. dxe5 Nh7 24. Nxh7 Kxh7 25. h5 d4 26. hxg6+ fxg6 27. Re4 Qc6 28. Qf3 dxc3 29. bxc3 Rf8 30. Rh4+ Kg8 31. Qxc6 Rxc6 32. Bf4 g5 33. Bxg5 Nxe5 34. Re4 Nd3 35. Be3 Rxc3 36. Rxe6 Rc2 37. Rf1 Rxa2 38. Re7 b5 39. Bxa7 Rf7 40. Rxf7 Kxf7 41. Bd4 Ra4 42. Be3 b4 43. Rd1 Ra3 44. Kf3 Ne5+ 45. Ke2 Ra2+ 46. Rd2 b3 47. Rxa2 bxa2 48. Bd4 Nc4 49. Kd3 Na3 50. f4 g6 51. g4 Nb5 52. Bb2 Nc7 53. Ke4 Ne8 54. Ke5 Nf6 55. g5 Nd7+ 56. Kd5 Nb6+ 57. Ke4 Ke6 58. Kd4 Kf5 59. Ba1 Kxf4 60. Kc5 Nc8 61. Kb4 Kxg5 62. Kb3 Kf4 63. Kxa2 Nd6 64. Bf6 Ne4 65. Bd8 Kf5 66. Kb3 Nf6 67. Kc2 g5 68. Kd3 g4 69. Bxf6 Kxf6 70. Ke3 Kg5 71. Kf2 Kh4 72. Kg2 g3 73. Kg1 Kg4 74. Kg2 Kf4 75. Kg1 Kf3 76. Kf1 g2+ 77. Kg1 Kg3 1/2-1/2


[Site "https://www.chess.com"]

[Event "Titled Tuesday Blitz August 02 Late 2022"]
[White "Wieczorek, Oskar"]
[Black "Sohier, Julien"]
[WhiteFideId "1133950"]
[BlackFideId "645346"]
[WhiteElo "2330"]
[BlackElo "2209"]
[Result "1-0"]
[Round "03"]
[TimeControl "180+1"]
[Date "2022.08.02"]
[WhiteClock "0:01:44"]
[BlackClock "0:00:07"]

1. e4 e5 2. Nf3 Nc6 3. Nc3 Nf6 4. h3 d5 5. exd5 Nxd5 6. Bb5 Nxc3 7. bxc3 Bd6 8. O-O O-O 9. d4 exd4 10. cxd4 h6 11. c4 Qf6 12. Bb2 Ne7 13. Qb3 c6 14. Ba4 b5 15. cxb5 Be6 16. d5 Qf5 17. dxe6 cxb5 18. Qxb5 Qxb5 19. Bxb5 Rab8 20. exf7+ Kh8 21. a4 a6 22. Be5 Bxe5 23. Nxe5 axb5 24. Nd7 bxa4 25. Nxb8 Rxb8 26. Rfe1 Nd5 27. Re8+ 1-0


[Site "https://www.chess.com"]

[Event "Titled Tuesday Blitz August 02 Late 2022"]
[White "Andreikin, Dmitry"]
[Black "Harsha Bharathakoti"]
[WhiteFideId "4158814"]
[BlackFideId "5078776"]
[WhiteElo "2736"]
[BlackElo "2575"]
[Result "1-0"]
[Round "04"]
[TimeControl "180+1"]
[Date "2022.08.02"]
[WhiteClock "0:00:18"]
[BlackClock "0:00:01"]

1. d4 Nf6 2. c4 e6 3. Nf3 d5 4. Nc3 c6 5. g3 dxc4 6. Bg2 Nbd7 7. a4 Bb4 8. O-O O-O 9. e4 a5 10. e5 Nd5 11. Ng5 h6 12. Nge4 f5 13. exf6 N7xf6 14. Nxf6+ Qxf6 15. Ne4 Qg6 16. Bd2 b6 17. Re1 Ba6 18. Bc3 Rad8 19. Qe2 Kh8 20. h4 Qf5 21. Kh2 Ne7 22. f4 Qg6 23. Bxb4 axb4 24. a5 bxa5 25. Nc5 Bb5 26. Nxe6 Nf5 27. Qf2 Qf6 28. Nxf8 Qxf8 29. Rxa5 Nxd4 30. Ra7 c3 31. bxc3 bxc3 32. Be4 Qc5 33. Rea1 Qf8 34. h5 Nb3 35. R1a2 Nd4 36. Bg6 Bc4 37. R2a4 Nb5 38. Rxc4 Nxa7 39. Qxa7 Rd2+ 40. Kh3 Qc8+ 41. f5 c2 42. Qc5 Qd7 43. Qf8# 1-0


[Site "https://www.chess.com"]

[Event "Titled Tuesday Blitz August 02 Late 2022"]
[White "Babazada, Khazar"]
[Black "Paravyan, David"]
[WhiteFideId "13413554"]
[BlackFideId "4194985"]
[WhiteElo "2409"]
[BlackElo "2569"]
[Result "0-1"]
[Round "04"]
[TimeControl "180+1"]
[Date "2022.08.02"]
[WhiteClock "0:00:03"]
[BlackClock "0:00:05"]

1. Nf3 Nf6 2. g3 g6 3. Bg2 Bg7 4. O-O O-O 5. d3 d5 6. Nc3 d4 7. Nb5 Nc6 8. e4 dxe3 9. Bxe3 Nd5 10. Bc1 e5 11. Re1 Re8 12. Na3 Nb6 13. h3 Be6 14. c3 Qd7 15. Ng5 Bd5 16. Ne4 Qe7 17. Be3 f5 18. Bxb6 axb6 19. Nf6+ Bxf6 20. Bxd5+ Kg7 21. Bg2 Qd7 22. Nc4 b5 23. Ne3 Ne7 24. Bxb7 Rad8 25. Bg2 c6 26. Qb3 h5 27. Rad1 f4 28. Nf1 Nf5 29. Qb4 Qa7 30. gxf4 Be7 31. Qb3 Bc5 32. Qc2 Nh4 33. Be4 Qd7 34. Kh2 exf4 35. d4 Bd6 36. f3 Qe7 37. Nd2 Kh6 38. Rg1 Qf6 39. Rde1 Re6 40. Bxc6 Re3 41. Be4 Re8 42. Kh1 Qe6 43. Kh2 Nxf3+ 44. Nxf3 Qxe4 45. Qxe4 R8xe4 46. Kg2 Be7 47. Rxe3 Rxe3 48. Re1 Rxe1 49. Nxe1 Kg5 50. Kf3 Kf5 51. Ng2 g5 52. b3 g4+ 53. hxg4+ hxg4+ 54. Kf2 Ke4 55. c4 bxc4 56. bxc4 f3 57. d5 Bc5+ 58. Kg3 f2 59. Ne3 Kxe3 0-1


[Site "https://www.chess.com"]

[Event "Titled Tuesday Blitz August 02 Late 2022"]
[White "Bayo Milagro, Alvaro"]
[Black "Hakobyan, Aram"]
[WhiteFideId "22275240"]
[BlackFideId "13306677"]
[WhiteElo "2270"]
[BlackElo "2557"]
[Result "0-1"]
[Round "04"]
[TimeControl "180+1"]
[Date "2022.08.02"]
[WhiteClock "0:00:22"]
[BlackClock "0:02:01"]

1. d4 Nf6 2. Nf3 b6 3. c4 Bb7 4. Nc3 e6 5. a3 g6 6. Qc2 Bg7 7. e4 d6 8. Be2 O-O 9. O-O Nc6 10. h3 Re8 11. Be3 e5 12. d5 Ne7 13. b4 c5 14. dxc6 Nxc6 15. Rfd1 Nd4 16. Nxd4 exd4 17. Bxd4 Nxe4 18. Bxg7 Kxg7 19. Nxe4 Bxe4 20. Qc3+ Kg8 21. Bf3 Rc8 22. Rd4 Qf6 23. Rad1 Bxf3 24. Qxf3 Qxf3 25. gxf3 Re2 26. R1d3 Rc2 27. Rxd6 R8xc4 28. Kg2 Ra2 29. f4 Rxf4 30. Rf3 Rxf3 31. Kxf3 Rxa3+ 0-1


[Site "https://www.chess.com"]

[Event "Titled Tuesday Blitz August 02 Late 2022"]
[White "Bilych, Olexiy"]
[Black "Zhurbinsky, David"]
[WhiteFideId "14156504"]
[BlackFideId "2072904"]
[WhiteElo "2189"]
[BlackElo "2574"]
[Result "1-0"]
[Round "04"]
[TimeControl "180+1"]
[Date "2022.08.02"]
[WhiteClock "0:00:23"]
[BlackClock "0:00:12"]

1. e4 e5 2. Nf3 Nc6 3. Bb5 a6 4. Ba4 Nf6 5. O-O Be7 6. Re1 b5 7. Bb3 O-O 8. a4 Bb7 9. Nc3 b4 10. Nd5 a5 11. d3 d6 12. Be3 Qd7 13. Nxf6+ Bxf6 14. d4 exd4 15. Nxd4 Nxd4 16. Bxd4 Bxd4 17. Qxd4 Rfe8 18. Rad1 Rad8 19. f3 Qe7 20. Qa7 c5 21. Bd5 Bxd5 22. Qxe7 Rxe7 23. Rxd5 Red7 24. Red1 f6 25. Kf2 Kf7 26. h4 Ke6 27. Ke3 g6 28. g4 Rf8 29. g5 f5 30. e5 Rfd8 31. f4 c4 32. exd6 Rxd6 33. Re5+ Kf7 34. Rxd6 Rxd6 35. Rxa5 Rd1 36. Rb5 c3 37. bxc3 bxc3 38. Rc5 Ra1 39. a5 Ke6 40. Kd4 Kd6 41. Rd5+ Kc6 42. Re5 Ra4+ 43. Ke3 Ra2 44. Kd3 Ra4 45. Ke3 Ra2 46. a6 Kd7 47. Rc5 Rxa6 48. Rxc3 Re6+ 49. Kf3 Re4 50. Rd3+ Kc6 51. Re3 Rc4 52. Re7 Rc3+ 53. Ke2 Rxc2+ 54. Kd3 Rf2 55. Ke3 Ra2 56. Rxh7 Ra3+ 57. Kd4 Ra4+ 58. Ke5 Re4+ 59. Kf6 Rxf4 60. Kxg6 Kd6 61. h5 Ke6 62. Rf7 Rf1 63. h6 f4 64. h7 Rh1 65. Rxf4 Ke7 66. Rf7+ Ke6 67. Rf8 Ke7 68. h8=Q Rg1 69. Qf6+ Kd7 70. Rd8+ Kc7 71. Qd6+ Kb7 72. Rb8+ Ka7 73. Qa6+ Kxa6 74. Rb2 Ka5 75. Kf6 Ka6 76. g6 Rf1+ 77. Kg7 Rc1 78. Kf7 Rc7+ 79. Kg8 Rc8+ 80. Kh7 Rc1 81. g7 Rh1+ 82. Kg8 Rg1 83. Rb4 Ka5 84. Rf4 Kb6 85. Kf7 Kc6 86. g8=Q Rd1 87. Qg6+ Rd6 88. Rf6 Re6 89. Rxe6+ Kd5 90. Qf5+ Kc4 91. Re4+ Kd3 92. Qf3+ Kc2 93. Re2+ Kd1 94. Qf1# 1-0


[Site "https://www.chess.com"]

[Event "Titled Tuesday Blitz August 02 Late 2022"]
[White "Boros, Denes"]
[Black "Dounis, Alexandros"]
[WhiteFideId "722340"]
[BlackFideId "4213238"]
[WhiteElo "2464"]
[BlackElo "2204"]
[Result "1-0"]
[Round "04"]
[TimeControl "180+1"]
[Date "2022.08.02"]
[WhiteClock "0:01:49"]
[BlackClock "0:00:20"]

1. e4 e5 2. Nf3 Nc6 3. Bb5 a6 4. Ba4 Nf6 5. d4 exd4 6. O-O Be7 7. Re1 O-O 8. e5 Nd5 9. Nxd4 Nb6 10. Bb3 d6 11. Nxc6 bxc6 12. Bf4 d5 13. c3 Bf5 14. Nd2 c5 15. Nf1 d4 16. Ng3 Bg6 17. cxd4 cxd4 18. Qg4 Qc8 19. e6 Kh8 20. h4 f5 21. Qh3 h6 22. Ne2 c5 23. Be5 c4 24. Qg3 Qxe6 25. Nf4 Bf7 26. Qxg7# 1-0


[Site "https://www.chess.com"]

[Event "Titled Tuesday Blitz August 02 Late 2022"]
[White "Bortnyk, Olexandr"]
[Black "Mardov, Dimitar"]
[WhiteFideId "14120828"]
[BlackFideId "30919495"]
[WhiteElo "2723"]
[BlackElo "2185"]
[Result "1-0"]
[Round "04"]
[TimeControl "180+1"]
[Date "2022.08.02"]
[WhiteClock "0:00:18"]
[BlackClock "0:00:03"]

1. d4 Nf6 2. Nc3 e6 3. e4 d5 4. Bg5 dxe4 5. Nxe4 Be7 6. Bxf6 Bxf6 7. Nf3 Nd7 8. Bd3 O-O 9. Qd2 h6 10. O-O-O b6 11. g4 Bb7 12. h4 Be7 13. g5 f5 14. gxh6 fxe4 15. hxg7 Rf6 16. Ng5 exd3 17. Qxd3 Rh6 18. Rhg1 Bxg5+ 19. hxg5 Rh7 20. Rde1 Qe7 21. d5 e5 22. g6 Rxg7 23. Rh1 Qg5+ 24. Kb1 Qxg6 25. Qh3 Bxd5 26. f3 Rf8 27. b3 Rxf3 28. Qh8+ Kf7 29. Qd8 Ke6 30. Qxc7 Rf2 31. Rh8 Qxc2+ 32. Qxc2 Rxc2 33. Kxc2 Rg2+ 34. Kc3 Rxa2 35. Rh6+ Ke7 36. Rh7+ Kd6 37. Rh6+ Kc5 38. b4+ Kb5 39. Rd1 Bc6 40. Rdd6 Nb8 41. Rhe6 Ra3+ 42. Kd2 Kxb4 43. Rxe5 Rc3 44. Re7 Na6 45. Rxa7 Kb5 46. Kxc3 Nc5 47. Rh6 Ne4+ 48. Kd4 Nc5 49. Rh5 Bf3 50. Rf5 Bc6 51. Ra1 Kb4 52. Rb1+ Nb3+ 53. Kd3 Ba4 54. Rf4+ Ka3 55. Kc3 b5 56. Rb4 Ka2 57. R1xb3 Bxb3 58. Rxb3 1-0


[Site "https://www.chess.com"]

[Event "Titled Tuesday Blitz August 02 Late 2022"]
[White "Chiu, Isaac"]
[Black "Alekseenko, Kirill"]
[WhiteFideId "30900654"]
[BlackFideId "4135539"]
[WhiteElo "2181"]
[BlackElo "2682"]
[Result "0-1"]
[Round "04"]
[TimeControl "180+1"]
[Date "2022.08.02"]
[WhiteClock "0:00:50"]
[BlackClock "0:01:06"]

1. d4 d5 2. c4 dxc4 3. Nf3 a6 4. e3 Bg4 5. Bxc4 e6 6. O-O Nf6 7. Nbd2 Nc6 8. h3 Bh5 9. Be2 Bd6 10. b3 O-O 11. Bb2 Qe7 12. Nc4 Rfd8 13. Qc1 Rac8 14. Rd1 Qe8 15. a3 Ne7 16. b4 Ned5 17. Qc2 Bg6 18. Bd3 Bh5 19. Nfe5 Bxd1 20. Rxd1 h6 21. g3 Ne7 22. Na5 Rb8 23. Be2 Bxe5 24. dxe5 Rxd1+ 25. Bxd1 Nfd5 26. e4 Nb6 27. Qxc7 Qd8 28. Qd6 Nc6 29. Be2 Nxa5 30. bxa5 Nd7 31. Bc3 Rc8 32. Bb4 Nb8 33. f4 Nc6 34. f5 Qg5 35. fxe6 Qxg3+ 36. Kf1 Qxh3+ 0-1


[Site "https://www.chess.com"]

[Event "Titled Tuesday Blitz August 02 Late 2022"]
[White "Czarnota, Pawel"]
[Black "Gascon Del Nogal, Jose Rafael"]
[WhiteFideId "1121219"]
[BlackFideId "3902463"]
[WhiteElo "2534"]
[BlackElo "2473"]
[Result "1-0"]
[Round "04"]
[TimeControl "180+1"]
[Date "2022.08.02"]
[WhiteClock "0:01:22"]
[BlackClock "0:00:08"]

1. e4 c5 2. Nf3 Nc6 3. d4 cxd4 4. Nxd4 Nf6 5. Nc3 d6 6. Bg5 e6 7. Qd2 a6 8. O-O-O Bd7 9. f4 Be7 10. Kb1 b5 11. Bxf6 Bxf6 12. Nf3 Be7 13. e5 d5 14. Bd3 b4 15. Ne2 O-O 16. h4 f5 17. exf6 Bxf6 18. Ng5 h6 19. Qe3 Qa5 20. Nh7 b3 21. axb3 Nb4 22. Nxf6+ Rxf6 23. Nc1 Qc7 24. Rhf1 a5 25. g4 a4 26. g5 Rf7 27. gxh6 a3 28. bxa3 Rxa3 29. Qe5 Qa7 30. Rg1 d4 31. Rxg7+ Kf8 32. Qd6+ 1-0


[Site "https://www.chess.com"]

[Event "Titled Tuesday Blitz August 02 Late 2022"]
[White "Ekdyshman, Mikhail"]
[Black "Steinberg, Nitzan"]
[WhiteFideId "4149416"]
[BlackFideId "2801795"]
[WhiteElo "2146"]
[BlackElo "2471"]
[Result "0-1"]
[Round "04"]
[TimeControl "180+1"]
[Date "2022.08.02"]
[WhiteClock "0:00:15"]
[BlackClock "0:01:52"]

1. Nc3 e5 2. d4 exd4 3. Qxd4 Nc6 4. Qa4 Nf6 5. Bg5 Be7 6. O-O-O h6 7. Qh4 d6 8. e3 Be6 9. Nf3 a6 10. Nd4 Bd7 11. Bd3 Ne5 12. Bf5 c5 13. Bxd7+ Qxd7 14. Nb3 Ng6 15. Nxc5 Nxh4 16. Nxd7 hxg5 17. Nb6 Rd8 18. g3 Nf3 19. h3 g6 20. e4 Nd7 21. Nbd5 Kf8 22. Rd3 Nfe5 23. Re3 g4 24. h4 Bg5 25. Nf4 Bh6 26. Ncd5 Kg7 27. Rb3 b5 28. Rd1 Nc5 29. Ra3 Nc4 30. Rc3 Nxe4 31. Rb3 Nxf2 32. Rf1 Ne4 33. Kd1 Rhe8 34. Ne2 Nc5 35. Rc3 Re5 36. Ndf4 Ne3+ 37. Rxe3 Rxe3 38. Nd5 Re5 0-1


[Site "https://www.chess.com"]

[Event "Titled Tuesday Blitz August 02 Late 2022"]
[White "Fedoseev, Vladimir"]
[Black "Chigaev, Maksim"]
[WhiteFideId "24130737"]
[BlackFideId "4108116"]
[WhiteElo "2726"]
[BlackElo "2438"]
[Result "1-0"]
[Round "04"]
[TimeControl "180+1"]
[Date "2022.08.02"]
[WhiteClock "0:00:06"]
[BlackClock "0:00:01"]

1. e4 c5 2. Nf3 g6 3. c3 d5 4. e5 Nc6 5. d4 Bg4 6. Bb5 Rc8 7. dxc5 e6 8. Be3 Ne7 9. Nbd2 Bg7 10. Qa4 Bxf3 11. Nxf3 O-O 12. Bd4 b6 13. cxb6 Nxd4 14. Qxd4 axb6 15. O-O Nf5 16. Qb4 h5 17. Bd3 Ne7 18. Rae1 Rc5 19. Qf4 Ra5 20. a3 Rc5 21. Kh1 Qb8 22. Qe3 Rcc8 23. Rg1 Qc7 24. g4 hxg4 25. Rxg4 d4 26. Nxd4 Rfd8 27. f4 Nd5 28. Qf3 Nxc3 29. Nxe6 Rxd3 30. Qxd3 Qc6+ 31. Rg2 Nd5 32. Nd4 Qc4 33. Qe4 Ne7 34. Rc2 Qa6 35. Rxc8+ Qxc8 36. Nf3 Nf5 37. Kg2 Qd8 38. e6 f6 39. e7 Qe8 40. Qe6+ Kh7 41. Re4 Bh6 42. Nd4 Ng7 43. Qc6 Qg8 44. e8=Q 1-0


[Site "https://www.chess.com"]

[Event "Titled Tuesday Blitz August 02 Late 2022"]
[White "Ghaem Maghami, Ehsan"]
[Black "Kravtsiv, Martyn"]
[WhiteFideId "12500739"]
[BlackFideId "14113147"]
[WhiteElo "2627"]
[BlackElo "2694"]
[Result "1-0"]
[Round "04"]
[TimeControl "180+1"]
[Date "2022.08.02"]
[WhiteClock "0:01:23"]
[BlackClock "0:00:13"]

1. c4 e6 2. Nf3 d5 3. g3 d4 4. Bg2 c5 5. e3 Nc6 6. O-O Nf6 7. d3 e5 8. Re1 Bd6 9. exd4 cxd4 10. c5 Bc7 11. Nbd2 O-O 12. Nc4 Re8 13. Bg5 h6 14. Bxf6 Qxf6 15. Nfd2 Bf5 16. Ne4 Bxe4 17. Bxe4 Qe7 18. Qb3 Rab8 19. Qa3 Qd7 20. b4 a6 21. Qb3 Qe6 22. Rab1 Kh8 23. Bg2 f5 24. a4 a5 25. b5 Nb4 26. b6 Bd8 27. Nxa5 Qxb3 28. Rxb3 Na6 29. Rb5 e4 30. dxe4 d3 31. e5 Be7 32. Nxb7 Rxb7 33. Bxb7 Nxc5 34. Bf3 Nxa4 35. b7 Rb8 36. Ra1 Nc3 37. Ra8 1-0


[Site "https://www.chess.com"]